 Dungeon Crawl Stone Soup version 0.32-a0-391-gce5c0aab1b (webtiles) character file.

Game seed: 11335838763216483493

166 Sobieck the Shooter (level 5, 0/38 HPs)
             Began as a Coglin Hunter on Feb 19, 2024.
             Succumbed to a scorpion's poison
             ... on level 3 of the Dungeon.
             The game lasted 00:03:31 (1995 turns).

Sobieck the Shooter (Coglin Hunter)                 Turns: 1995, Time: 00:03:32

Health: 0/38       AC:  4    Str: 10 (11) XL:     5   Next: 47%
Magic:  5/5        EV: 11    Int:  6 (8)  God:
Gold:   125        SH:  0    Dex: 17 (20) Spells: 4/4 levels left

rFire   . . .        a - +0 shortbow {Yejun}
rCold   . . .        (shield currently unavailable)
rNeg    + . .        c - +0 leather armour
rPois   .            (no helmet)
rElec   .            (no cloak)
rCorr   .            o - +0 pair of gloves
SInv    .            (no boots)
Will    .....        (no amulet)
Stlth   ++           n - ring of positive energy
HPRegen 0.26/turn    (no ring)
MPRegen 0.09/turn

%: no passive effects
@: lethally poisoned (0 -> -25), invisible, revved, stiff-legged, very slow
A: off-hand wielding, slow wielding, warmup strikes, warmup strides
a: no special abilities


You were on level 3 of the Dungeon.
You visited 1 branch of the dungeon, and saw 3 of its levels.

You collected 125 gold pieces.

Inventory:

Hand Weapons
 a - a +0 shortbow (weapon) {Yejun}
Armour
 c - a +0 leather armour (worn)
 o - a +0 pair of gloves (worn)
Jewellery
 d - a ring of fire
 n - a ring of positive energy (left grasper)
Scrolls
 b - 2 scrolls of butterflies
 e - a scroll of fear {unknown}
 i - a scroll of immolation {unknown}
 j - 2 scrolls of identify {unknown}
 l - 2 scrolls of teleportation {unknown}
 m - a scroll of blinking {unknown}
 p - 3 scrolls of revelation {unknown}
 q - 2 scrolls of enchant armour {unknown}
Potions
 f - a potion of curing {unknown}
 g - a potion of heal wounds {unknown}
 h - a potion of mutation {unknown}
 k - 2 potions of degeneration
 s - a potion of enlightenment {unknown}
 t - a potion of lignification {unknown}


   Skills:
 - Level 2.0 Fighting
 + Level 6.0 Ranged Weapons
 - Level 1.7 Dodging
 - Level 0.7 Stealth


You had 4 spell levels left.
You didn't know any spells.
Your spell library contained the following spells:

 Spells                   Type           Power      Damage    Failure   Level
 Freeze                   Ice            0%         1d3       56%         1
 Sting                    Conj/Alch      0%         1d3       56%         1
 Mercury Vapours          Alch/Air       0%         N/A       71%         2
 Dazzling Flash           Conj/Hex       0%         N/A       90%         3
 Frozen Ramparts          Ice            0%         1d1       90%         3
 Hailstorm                Conj/Ice       0%         3d5       90%         3
 Mephitic Cloud           Conj/Alch/Air  0%         N/A       90%         3
 Olgreb's Toxic Radiance  Alch           0%         N/A       100%        4
 Curse of Agony           Necr           0%         N/A       100%        5
 Freezing Cloud           Conj/Ice/Air   0%         6-21      100%        5
 Silence                  Hex/Air        0%         N/A       100%        5


Dungeon Overview and Level Annotations

Branches:
Dungeon (3/15)

Altars:

Annotations:
D:3 Ijyb


Innate Abilities, Weirdness & Mutations

You can wield a second weapon in your off-hand.
It takes a long time for you to wield or remove held weapons.
Your first few attacks do less damage.
Your first movements take longer.


Message History

Unknown command.
You open the door.
There is an open door here.
A scorpion comes into view.
Unknown command.
You shoot an arrow.
The arrow hits the scorpion but does no damage.
You shoot an arrow. The arrow hits the scorpion.
The scorpion is lightly wounded.
You shoot an arrow. The arrow hits the scorpion.
The scorpion is lightly wounded.
You shoot an arrow. The arrow closely misses the scorpion.
You shoot an arrow. The arrow closely misses the scorpion.
You shoot an arrow.
The arrow hits the scorpion but does no damage.
The scorpion is lightly wounded.
The scorpion stings you. The scorpion closely misses you.
You shoot an arrow. The arrow closely misses the scorpion.
The scorpion barely misses you.
You shoot an arrow. The arrow hits the scorpion.
The scorpion is heavily wounded.
The scorpion misses you. The scorpion stings you.
You are poisoned.
The scorpion poisons you!
You shoot an arrow. The arrow hits the scorpion.
The scorpion is severely wounded.
You feel very sick. The scorpion stings you.
* * * LOW HITPOINT WARNING * * *
You shoot an arrow. The arrow hits the scorpion.
The scorpion is severely wounded.
You feel sick. The scorpion stings you!
* * * LOW HITPOINT WARNING * * *
You are lethally poisoned!
The scorpion poisons you!
You are too injured to fight recklessly!
Unknown command.
It was a potion of degeneration.
There was something very wrong with that liquid.
You feel weakened.
You feel dopey.
You feel clumsy.
* * * LOW HITPOINT WARNING * * *
You feel very sick. The scorpion stings you.
* * * LOW HITPOINT WARNING * * *
You are more poisoned.
The scorpion poisons you! The scorpion misses you.
Unknown command.
It was a potion of invisibility.
You fade into invisibility!
You die...

#............#....#
##..[.##.....##....#
......##.....##....#
.............##....#
..............##....#
#..........######....#
.........# #....#
.........# #....#
.......@.# ######
.......s.# ..##....##
# #....# #....# #....#
#....# #....#


You could see a scorpion (unable to see you).

Vanquished Creatures
  3 gnolls (D:3)
  2 adders
  3 dart slugs
  6 bats
  7 endoplasms
  A giant cockroach (D:1)
  11 goblins
  7 hobgoblins
  3 kobolds
  4 quokkas
  7 ball pythons
  4 frilled lizards
  7 rats
65 creatures vanquished.

Notes
Turn   | Place    | Note
-------+----------+-------------------------------------------
     0 | D:1      | Sobieck the Coglin Hunter began the quest for the Orb.
     0 | D:1      | Reached XP level 1. HP: 16/16 MP: 1/1
   114 | D:1      | Reached skill level 4 in Ranged Weapons
   114 | D:1      | Reached XP level 2. HP: 22/22 MP: 2/2
   209 | D:1      | Reached XP level 3. HP: 27/27 MP: 3/3
   653 | D:1      | Reached skill level 5 in Ranged Weapons
   653 | D:1      | Reached XP level 4. HP: 30/33 MP: 4/4
  1673 | D:3      | Reached XP level 5. HP: 32/38 MP: 5/5
  1849 | D:3      | Reached skill level 6 in Ranged Weapons
  1952 | D:3      | Noticed Ijyb
  1995 | D:3      | Succumbed to a scorpion's poison

Illustrated notes

Levels and vault maps discovered:
D:1:      dpeg_arrival_refuge, layout_loops_ring, serial_glass, glass_columns_b,
          glass_columns_a, glass_columns_b, st_stairs_2,
          minmay_misc_feat_rugged, minmay_tall_x
D:2:      layout_basic
D:3:      layout_basic, uniq_ijyb

Skill      XL: |  1  2  3  4  5 |
---------------+----------------+-----
Ranged Weapons | 4 5 6 |  6.0
Fighting       | |  2.0
Dodging        | |  1.7
Stealth        | |  0.7

Action                     |  1- 3 |  4- 6 || total
---------------------------+-------+-------++-------
   Fire: Shortbow          |    96 |   127 ||   223
    Use: Potion            |       |     2 ||     2
 Armour: Leather armour    |    26 |    41 ||    67
  Dodge: Dodged            |    27 |    36 ||    63

Table legend: (Time is in decaauts)
 A = Elapsed time spent in this place.
 B = Non-inter-level travel time spent in this place.
 C = Inter-level travel time spent in this place.
 D = Time resting spent in this place.
 E = Time spent auto-exploring this place.
 F = Levels seen in this place.
 G = Mean time per level.
                   A        B        C        D        E       F      G
               +--------+--------+--------+--------+--------+-----+--------+
         Total |   2123 |   2050 |     73 |     50 |   1583 |   3 |  707.7 |
       Dungeon |   2123 |   2050 |     73 |     50 |   1583 |   3 |  707.7 |
               +--------+--------+--------+--------+--------+-----+--------+

Top non-repeatable levels by time:
     D:2: 918 daAuts
     D:1: 789 daAuts
     D:3: 415 daAuts
